 Dungeon Crawl Stone Soup version 0.20-a0-1126-g0f15420 (webtiles) character file.

886 MTVSty1e the Fighter (level 8, 0/63 HPs)
             Began as a Merfolk Transmuter on May 17, 2017.
             Was an Initiate of Ru.
             Slain by a hound skeleton (1 damage)
             ... on level 4 of the Dungeon.
             The game lasted 00:15:34 (4931 turns).

MTVSty1e the Fighter (Merfolk Transmuter)           Turns: 4931, Time: 00:15:35

Health: 0/63       AC: 10    Str: 14    XL:     8   Next: 5%
Magic:  10/11      EV: 13    Int: 13    God:    Ru [......]
Gold:   177        SH:  0    Dex: 16    Spells: 6/11 levels left

rFire    . . .     SeeInvis .   e - +0 dagger
rCold    . . .     Gourm    .   (no shield)
rNeg     . . .     Faith    .   q - +0 robe
rPois    .         Spirit   .   l - +1 hat
rElec    .         Reflect  .   f - +1 cloak
rCorr    .         Harm     .   (no gloves)
MR       .....                  (no boots)
Stlth    +++.......             (no amulet)
Regen    0.2/turn               n - +5 ring of protection
MPRegen  0.2/turn               p - ring of stealth

@: very slightly contaminated
A: change form in water, swift swim, stealthy swim, agile 1, frail 1, strong 1
a: Renounce Religion


You were on level 4 of the Dungeon.
You worshipped Ru.
Ru was noncommittal.
You were not hungry.

You visited 2 branches of the dungeon, and saw 5 of its levels.

You collected 177 gold pieces.

Inventory:

Hand Weapons
 e - a +0 dagger (weapon)
Missiles
 a - 74 arrows
Armour
 f - a +1 cloak (worn)
 l - a +1 hat (worn)
 q - a +0 robe (worn)
Jewellery
 n - a +5 ring of protection (left hand)
 o - an uncursed ring of protection from magic
 p - a ring of stealth (right hand)
 t - an uncursed ring of positive energy
 u - a +4 ring of dexterity
Wands
 b - a wand of flame (10/48)
Scrolls
 g - 5 scrolls of identify
 m - 4 scrolls of remove curse
Potions
 h - 2 potions of curing
Books
 c - a book of Changes

   Spells                             Type                      Level
   a - Beastly Appendage              Transmutation                1
   b - Sticks to Snakes               Transmutation                2
   c - Spider Form                    Transmutation/Poison         3
   d - Ice Form                       Ice/Transmutation            4
   e - Blade Hands                    Transmutation                5
Comestibles
 i - 12 fruits
 k - 3 meat rations


   Skills:
 * Level 9.6 Fighting
 + Level 0.2 Short Blades
 + Level 0.3 Armour
 + Level 2.6 Dodging
 + Level 0.2 Stealth
 - Level 3.2 Unarmed Combat
 - Level 2.0 Spellcasting
 + Level 2.8 Transmutations
 + Level 0.2 Ice Magic


You had 6 spell levels left.
You knew the following spells:

 Your Spells              Type           Power        Failure   Level  Hunger
a - Beastly Appendage     Tmut           #.....       9%          1    ##.....
b - Ice Form              Ice/Tmut       #.......     80%         4    #####..


Dungeon Overview and Level Annotations

Branches:
Dungeon (4/15)             Temple (1/1) D:4

Altars:
Dithmenos
Hepliaklqana
Ru
Uskayaw
Xom
Yredelemnul
The Shining One


Innate Abilities, Weirdness & Mutations

You revert to your normal form in water.
You are very nimble and swift while swimming.
You are very stealthy in the water. (Stealth+)
You are agile. (Dex +2)
You are frail. (-10% HP)
Your muscles are strong. (Str +2)


Message History

The puff of flame misses the hobgoblin.
Evoking this partially-identified wand wasted a few charges.
You feel less wooden.
Your +1 cloak unmelds from your body.
Your +1 hat unmelds from your body.
Your +0 robe unmelds from your body.
The hobgoblin misses you. The goblin hits you but does no damage.
The hound skeleton bites you.
* * * LOW HITPOINT WARNING * * *
You hit the goblin.
The goblin is moderately wounded.
The hound skeleton misses you. The hobgoblin barely misses you.
The goblin barely misses you.
You closely miss the goblin.
The goblin is moderately wounded.
The hound skeleton barely misses you. The goblin closely misses you.
The hobgoblin hits you but does no damage.
You closely miss the goblin.
The goblin is moderately wounded.
The hound skeleton barely misses you. The goblin hits you but does no damage.
The hound skeleton bites you.
You die...

##.######..# #. #
#.......#... #.
#.#)##.##.#.##
#.###.#.##.##.#.#
#...............#
###'####(.#.##.###
#.....##..#.##.#
###)⌠†).##.......#
#))Z@g..'.#.#<####
#...#g⌠)⌠.#.....#######
#....#.....#............
......####'###########.###
...... #.# #.... ######
#.. ##### ####


You could see a hobgoblin, a goblin and a hound skeleton.

Vanquished Creatures
  Pikel (D:4)
  2 phantoms (D:4)
  2 orc wizards (D:4)
  Crazy Yiuf (D:2)
  Jessica (D:2)
  A worker ant (D:4)
  A hound skeleton (D:4)
  Robin (D:4)
  2 adders
  3 gnolls (D:3)
  2 dart slugs (D:1)
  12 orcs
  A ball python (D:4)
  4 giant cockroaches
  9 goblins
  6 hobgoblins
  6 jackals
  A quokka (D:4)
  7 bats
  6 frilled lizards
  4 kobolds
  A leopard gecko skeleton (D:3)
  8 rats
82 creatures vanquished.

Vanquished Creatures (others)
  Duvessa (D:4)
  2 slaves (D:4)
  An orc priest (D:4)
  A worker ant (D:4)
  An ooze (D:4)
6 creatures vanquished.

Grand Total: 88 creatures vanquished

Notes
Turn   | Place    | Note
-------+----------+-------------------------------------------
     0 | D:1      | MTVSty1e the Merfolk Transmuter began the quest for the Orb.
     0 | D:1      | Reached XP level 1. HP: 15/15 MP: 3/3
   130 | D:1      | Reached skill level 2 in Fighting
   160 | D:1      | Reached XP level 2. HP: 14/22 MP: 5/5
  1073 | D:2      | Noticed Jessica
  1085 | D:2      | Killed Jessica
  1085 | D:2      | Reached skill level 3 in Fighting
  1085 | D:2      | Reached XP level 3. HP: 5/30 MP: 6/6
  1483 | D:2      | Gained mutation: Your muscles are strong. (Str +2) [potion of mutation]
  1483 | D:2      | Gained mutation: You are frail. (-10% HP) [potion of mutation]
  1483 | D:2      | Gained mutation: You are agile. (Dex +2) [potion of mutation]
  1487 | D:2      | Reached skill level 4 in Fighting
  1487 | D:2      | Reached XP level 4. HP: 6/33 MP: 7/7
  1794 | D:2      | Found a radiant altar of Vehumet.
  1796 | D:2      | Found a shimmering altar of Xom.
  1796 | D:2      | Found a shattered altar of Ashenzari.
  1799 | D:2      | Found a white marble altar of Elyvilon.
  1799 | D:2      | Found a glowing golden altar of the Shining One.
  1799 | D:2      | Found a shattered altar of Ashenzari.
  2253 | D:2      | Found a runed door.
  2298 | D:2      | Found a glowing golden altar of the Shining One.
  2407 | D:2      | Learned a level 4 spell: Ice Form
  2408 | D:2      | Noticed Crazy Yiuf
  2412 | D:2      | Killed Crazy Yiuf
  2546 | D:3      | Reached skill level 5 in Fighting
  2817 | D:3      | Reached XP level 5. HP: 39/39 MP: 3/8
  3661 | D:4      | Noticed a phantom
  3701 | D:4      | Killed a phantom
  3701 | D:4      | Reached skill level 6 in Fighting
  3701 | D:4      | Reached XP level 6. HP: 17/47 MP: 4/9
  4293 | D:4      | Noticed a phantom
  4322 | D:4      | Killed a phantom
  4322 | D:4      | Reached skill level 7 in Fighting
  4334 | D:4      | Noticed Pikel
  4336 | D:4      | Noticed a slave
  4339 | D:4      | Noticed a slave
  4340 | D:4      | Noticed a slave
  4340 | D:4      | Noticed a slave
  4368 | D:4      | Killed Pikel
  4368 | D:4      | Reached skill level 9 in Fighting
  4368 | D:4      | Reached XP level 7. HP: 25/57 MP: 3/10
  4368 | D:4      | Reached XP level 8. HP: 28/63 MP: 3/11
  4588 | D:4      | Found a staircase to the Ecumenical Temple.
  4589 | D:4      | Killed Duvessa
  4631 | D:4      | Noticed Robin
  4639 | Temple   | Entered the Ecumenical Temple
  4853 | Temple   | Became a worshipper of Ru the Awakened
  4918 | D:4      | HP: 2/94 [hobgoblin/club[Robin] (8)]
  4922 | D:4      | Killed Robin
  4927 | D:4      | HP: 3/94 [hobgoblin/club[Robin] (1)]
  4928 | D:4      | HP: 1/63 [hound skeleton (1)]
  4931 | D:4      | Slain by a hound skeleton

Vault maps used:
D:1:      minmay_arrival_solitary_statue
D:2:      lemuel_coloured_pillars_altar, minmay_misc_feat_encased,
          minmay_tree_intersection, doesnt_xom_only_xom, uniq_jessica,
          uniq_crazy_yiuf_cottage
D:3:      first_bread
D:4:      kennysheep_mini_moat, minmay_temple_entry_hall, uniq_duvessa,
          uniq_robin, uniq_pikel, uniq_sigmund
Temple:   eino_temple_scatter_basement

Skill      XL: |  1  2  3  4  5  6 |
---------------+-------------------+-----
Fighting       | 2 3 4 5 6 9 |  9.6
Short Blades   | |  0.2
Armour         | |  0.3
Dodging        | |  2.6
Stealth        | |  0.2
Unarmed Combat | |  3.2
Spellcasting   | |  2.0
Transmutations | |  2.8
Ice Magic      | |  0.2

Action                   |  1- 3 |  4- 6 |  7- 9 || total
-------------------------+-------+-------+-------++-------
Melee: Unarmed           |     9 |    29 |       ||    38
       Dagger            |   130 |   197 |    76 ||   403
       Headbutt          |     1 |     8 |     4 ||    13
       Punch             |     2 |     2 |     2 ||     6
 Cast: Beastly Appendage |     1 |     2 |     2 ||     5
       Ice Form          |       |     3 |       ||     3
Evoke: Wand              |       |       |    11 ||    11
  Use: Potion            |     6 |     4 |     1 ||    11
       Scroll            |       |     6 |     2 ||     8
 Stab: Sleeping          |     2 |     3 |       ||     5
  Eat: Bread ration      |     1 |     2 |     1 ||     4
Armor: Robe              |    41 |    66 |    65 ||   172
       Skin              |    27 |     7 |    58 ||    92
Dodge: Dodged            |   119 |   152 |   126 ||   397
